AoeStats
← erik12bott

Arabia

503441934Analyzed
1v1 RM · 1mo ago on Aug 31, 2026· 33m 48s· 2 players
Game mode
Random Map
Map size
Tiny (2 player)
Population
200
Speed
Normal
Resources
Standard
Victory
Conquest
Starting age
Dark Age
Ending age
Imperial Age
RankedLock teamsTeams togetherTeam positionsShared explorationLock speedFull tech treeHidden civsTurbo modeCheats
Victory
Defeat
🇳🇴 Jurchens · Norway
1029
+43
🇲🇽 Portuguese · Mexico
1083
-18
erik12bott
7:30 Loom
10:10 Feudal Age
19:34 Castle Age
20:17 Double-Bit Axe
22:27 Fletching
25:17 Scale Barding Armor
25:23 Forging
26:08 Bloodlines
30:25 Husbandry
36:05 Imperial Age
ChäMän
8:40 Loom
10:40 Feudal Age
10:47 Man-at-Arms
11:37 Double-Bit Axe
14:02 Fletching
19:01 Wheelbarrow
19:42 Town Watch
22:34 Castle Age
21:23 Gold Mining
21:20 Horse Collar
22:56 Crossbowman
23:36 Bodkin Arrow
24:39 Padded Archer Armor
26:08 Ballistics
27:49 Bow Saw
30:12 Imperial Age
28:19 Padded Archer Armor
29:41 Thumb Ring
29:56 Leather Archer Armor
31:00 Arbalester
31:51 Pikeman
Connection lost

Rejoining the realm…

Still unreachable

The connection could not be restored.

Session expired

The server has moved on; the page needs a fresh start.